 Dungeon Crawl Stone Soup version 0.22-a0-558-gc224181 (webtiles) character file.

103 Amnesiac the Vexing (level 4, 0/30 HPs)
             Began as a Mummy Enchanter on June 27, 2018.
             Was an Initiate of Gozag.
             Slain by a gnoll
             ... wielding a +0 spear
              (8 damage)
             ... on level 2 of the Dungeon.
             The game lasted 00:04:29 (2217 turns).

Amnesiac the Vexing (Mummy Enchanter)               Turns: 2217, Time: 00:04:30

Health: 0/30       AC:  3    Str: 11    XL:     4   Next: 51%
Magic:  2/9        EV: 12    Int: 15    God:    Gozag
Gold:   292        SH:  0    Dex: 12    Spells: 4/10 levels left

rFire    x . .     SeeInvis .   a - +1 dagger
rCold    + . .     Gourm    .   (no shield)
rNeg     + + +     Faith    .   g - +0 robe
rPois    ∞         Spirit   .   (no helmet)
rElec    .         Reflect  .   (no cloak)
rCorr    .         Harm     .   h - +0 pair of gloves
MR       .....                  (no boots)
Stlth    ++........             (no amulet)
HPRegen  0.10/turn              (no ring)
MPRegen  0.11/turn              (no ring)

@: gold aura, very slightly contaminated
A: no food or potions, fire vulnerability, cold resistance 1, negative energy
resistance 3, torment resistance, unbreathing
a: Potion Petition, Call Merchant, Bribe Branch, Renounce Religion


You were on level 2 of the Dungeon.
You worshipped Gozag.
Gozag was aware of your devotion.
You were not hungry.

You visited 1 branch of the dungeon, and saw 4 of its levels.

You collected 309 gold pieces.
You paid 17 gold pieces to Gozag.

Inventory:

Hand Weapons
 a - a +1 dagger (weapon)
 b - a +0 hunting sling
Armour
 g - a +0 robe (worn)
 h - a +0 pair of gloves (worn)
Jewellery
 d - a cursed ring of teleportation {unknown}
Scrolls
 c - 4 scrolls of amnesia {!r, unknown}
 e - 2 scrolls of enchant armour {!r, unknown}
 f - 5 scrolls of remove curse {!r, unknown}
 k - a scroll of random uselessness {!r, unknown}
 l - a scroll of teleportation {!r, unknown}


   Skills:
 - Level 1.0 Short Blades
 - Level 1.5 Dodging
 - Level 2.4 Stealth
 + Level 3.9 Spellcasting
 * Level 4.2 Hexes


You had 4 spell levels left.
You knew the following spells:

 Your Spells              Type           Power        Failure   Level  Hunger
a - Corona                Hex            ###....      3%          1    N/A
b - Ensorcelled Hibernat  Hex/Ice        #.....       12%         2    N/A
e - Confuse               Hex            ###.....     10%         3    N/A

Your spell library contained the following spells:

 Spells                   Type           Power        Failure   Level  Hunger
 Tukima's Dance           Hex            ###.....     10%         3    N/A
 Dazzling Spray           Conj/Hex       #.....       22%         3    N/A

Dungeon Overview and Level Annotations

Branches:
Dungeon (4/15)             Temple (0/1) D:4

Altars:
Gozag
Qazlal

Annotations:
D:2 exclusions: adder and orc
D:4 exclusion: worker ant


Innate Abilities, Weirdness & Mutations

You do not eat or drink.
Your flesh is vulnerable to fire.
You are immune to poison.
Your flesh is cold resistant. (rC+)
You are immune to negative energy. (rN+++)
You are immune to unholy pain and torment.
You can survive without breathing.


Message History

Firing (i - inventory)
i - 2 stones (quivered)
Press: ? - help, Shift-Dir - straight line, f/p - gnoll
Aim: a gnoll, wielding a spear
Okay, then.
Unknown command.
The gnoll barely misses you.
A dart slug comes into view.
The dart slug launches a dart at you. The slug dart misses you.
Casting: Confuse (safe; 10% risk of failure)
Confirm with . or Enter, or press ? or * to list all spells.
Aiming: Confuse (safe; 10% risk of failure)
Press: ? - help, Shift-Dir - straight line, f/p - gnoll
Aim: a gnoll, wielding a spear (chance to defeat MR: 54%)
The gnoll appears confused.
The dart slug launches a dart at you. The slug dart hits you!
* * * LOW HITPOINT WARNING * * *
Unknown command.
Casting: Confuse (safe; 10% risk of failure)
Confirm with . or Enter, or press ? or * to list all spells.
Aiming: Confuse (safe; 10% risk of failure)
Press: ? - help, Shift-Dir - straight line, f - dart slug, p - gnoll
Aim: a dart slug (clinging, chance to defeat MR: 63%)
You miscast Confuse.
You are very lightly contaminated with residual magic.
You feel a bit tired.
The gnoll hits the dart slug with a spear!
The dart slug is killed!
Unknown command.
Firing (i - inventory)
i - 2 stones (quivered)
Press: ? - help, Shift-Dir - straight line, f - gnoll
Aim: a gnoll, wielding a spear (confused)
Okay, then.
Casting: Confuse (safe; 10% risk of failure)
Confirm with . or Enter, or press ? or * to list all spells.
Aiming: Corona (safe; 3% risk of failure)
Press: ? - help, Shift-Dir - straight line, f - gnoll
Aim: a gnoll, wielding a spear (confused, chance to defeat MR: 61%)
The gnoll is outlined in light.
Unknown command.
Firing (i - inventory)
i - 2 stones (quivered)
Press: ? - help, Shift-Dir - straight line, f/p - gnoll
Aim: a gnoll, wielding a spear (softly glowing, confused)
You shoot a stone. The stone hits the gnoll.
The gnoll is lightly wounded.
Unknown command.
Firing (i - inventory)
i - a stone (quivered)
Press: ? - help, Shift-Dir - straight line, f/p - gnoll
Aim: a gnoll, wielding a spear (lightly wounded, softly glowing, confused)
You shoot a stone. The stone hits the gnoll.
The gnoll is moderately wounded.
Unknown command.
Firing (i - inventory) No suitable missiles.
Press: ? - help, Shift-Dir - straight line, f/p - gnoll
Aim: a gnoll, wielding a spear (moderately wounded, softly glowing, confused)
Okay, then.
Unknown command.
Wield which item (- for none, * to show all)? (? for menu, Esc to quit)
Okay, then.
a - a +1 dagger (weapon)
The gnoll hits you with a spear!
You die...
Your body crumbles into a pile of gold.

##...##.#.........##
##.###.##.......###
##......##(((..## #
#...g...###.%.## #
#.......# ##'## #
#.####### #.# #
######.#### #.# #
#.....g...#######.## #
#.....#@....#......##
#
#.....#.....#.......#
#
#.....##...##.......##
# #.....
...#.........###
#.....
#.##......#....!
####.. .#....#########
###.## ..## .


You could see a gnoll (confused).

Vanquished Creatures
  2 gnolls (D:2)
  An adder (D:2)
  A worm (D:3)
  3 dart slugs
  6 leopard geckos
  An orc (D:3)
  A ball python (D:1)
  10 bats
  4 giant cockroaches
  5 goblins (D:1)
  7 hobgoblins
  3 jackals (D:3)
  4 kobolds
  3 frilled lizards
  6 rats
57 creatures vanquished.

Notes
Turn   | Place    | Note
-------+----------+-------------------------------------------
     0 | D:1      | Amnesiac the Mummy Enchanter began the quest for the Orb.
     0 | D:1      | Reached XP level 1. HP: 13/13 MP: 4/4
   174 | D:4      | Found an opulent altar of Gozag.
   208 | D:4      | Noticed a worker ant
   286 | D:4      | Found a staircase to the Ecumenical Temple.
   307 | D:4      | Reached skill level 1 in Short Blades
   363 | D:4      | Found a stormy altar of Qazlal.
   492 | D:2      | Reached skill level 3 in Hexes
   492 | D:2      | Reached XP level 2. HP: 12/19 MP: 5/5
   496 | D:2      | Learned a level 2 spell: Ensorcelled Hibernation
   633 | D:4      | Became a worshipper of Gozag Ym Sagoz the Greedy
   677 | D:3      | Found a faded altar of an unknown god.
   896 | D:3      | Reached XP level 3. HP: 16/24 MP: 5/7
   911 | D:3      | Learned a level 3 spell: Confuse
  1719 | D:1      | Reached XP level 4. HP: 30/30 MP: 9/9
  2029 | D:2      | Reached skill level 4 in Hexes
  2217 | D:2      | Slain by a gnoll

Vault maps used:
D:1:      co_arrival_random_square_maze, grunt_decor_resistance
D:2:      nicolae_ashenzari_panopticon, grunt_dithmenos_smoke, first_ration
D:3:      makhleb_blood_cavern_becter, chequers_ecumenical_altar_simple,
          gup_sewer_entry_pipe
D:4:      nicolae_qazlal_general_emergency, grunt_gozag_breadcrumbs,
          temple_green, supply_closet_lemuel

Skill      XL: |  1  2  3  4 |
---------------+-------------+-----
Short Blades   | 1 |  1.0
Hexes          | 3 4 |  4.2
Spellcasting   | 3 |  3.9
Dodging        | |  1.5
Stealth        | |  2.4

Action                   |  1- 3 |  4- 6 || total
-------------------------+-------+-------++-------
Melee: Dagger            |    24 |       ||    24
 Fire: Hunting sling     |   103 |    33 ||   136
 Cast: Corona            |    15 |     1 ||    16
       Ensorcelled Hiber |     5 |       ||     5
       Confuse           |       |     3 ||     3
 Stab: Sleeping          |     3 |       ||     3
Armor: Robe              |    19 |     1 ||    20
Dodge: Dodged            |    48 |     5 ||    53

Table legend:
 A = Spawn XP
 B = Non-spawn XP
 C = Spawn XP percentage of total XP
 D = Spawn monster count
 E = Non-spawn monster count
 F = Spawn count percentage of total count
 G = Total turns spent on level
                    A         B        C        D         E        F      G
               +---------+---------+-------+---------+---------+-------+---------
         Total |       0 |     148 |   0.0 |       0 |      57 |   0.0 |  2217
               +---------+---------+-------+---------+---------+-------+---------
           D:1 |       0 |      52 |   0.0 |       0 |      31 |   0.0 |   962
           D:2 |       0 |      57 |   0.0 |       0 |      11 |   0.0 |   489
           D:3 |       0 |      35 |   0.0 |       0 |      14 |   0.0 |   464
           D:4 |       0 |       4 |   0.0 |       0 |       1 |   0.0 |   302
               +---------+---------+-------+---------+---------+-------+---------
